 Dungeon Crawl Stone Soup version 0.29-a0-356-g7bc237e783 (webtiles) character file.

Game seed: 9673928798769798538

219 klau3 the Skirmisher (level 5, -3/57 HPs)
             Began as an Ogre Berserker on Apr 26, 2022.
             Was a Priest of Trog.
             Slain by Duvessa
             ... wielding a +1 rapier of protection
              (14 damage)
             ... on level 4 of the Dungeon.
             The game lasted 00:17:50 (3358 turns).

klau3 the Skirmisher (Ogre Berserker)               Turns: 3358, Time: 00:17:50

Health: -3/57      AC:  3    Str: 23    XL:     5   Next: 96%
Magic:  5/5        EV: 10    Int:  8    God:    Trog [***...]
Gold:   208        SH:  0    Dex:  8    Spells: 4/4 levels left

rFire   . . .      SeeInvis .   z - +8 long sword "Naqaukh" {vorpal, rN+}
rCold   . . .      Faith    .   (no shield)
rNeg    + . .      Spirit   .   b - +0 animal skin
rPois   .          Reflect  .   (helmet restricted)
rElec   .          Harm     .   (no cloak)
rCorr   .          Rampage  .   (gloves unavailable)
Will    .....                   (boots unavailable)
Stlth   +.........              p - amulet of regeneration
HPRegen 0.99/turn               (no ring)
MPRegen 0.09/turn               (no ring)

@: about to teleport
A: large, unfitting armour, tough skin 1
a: Renounce Religion, Berserk, Trog's Hand


You were on level 4 of the Dungeon.
You worshipped Trog.
Trog was most pleased with you.
You visited 1 branch of the dungeon, and saw 4 of its levels.

You collected 208 gold pieces.

Inventory:

Hand Weapons
 a - a +0 hand axe
 g - a +0 quarterstaff
 q - a +0 short sword
 s - a +2 whip of venom
 z - the +8 long sword "Naqaukh" (weapon) {vorpal, rN+}
   (You found it on level 4 of the Dungeon)

   It inflicts extra damage upon your enemies.
   rN:        It protects you from negative energy.
Missiles
 r - 115 stones (quivered)
Armour
 b - a +0 animal skin (worn)
Jewellery
 p - an amulet of regeneration (around neck)
 y - an amulet of guardian spirit
Wands
 t - a wand of paralysis (2)
Scrolls
 c - 2 scrolls of vulnerability {unknown}
 e - a scroll of enchant weapon {unknown}
 h - a scroll of summoning {unknown}
 m - 5 scrolls of identify
 o - a scroll of holy word {unknown}
 v - a scroll of magic mapping {unknown}
 w - a scroll of noise
 B - a scroll of fog {unknown}
 C - a scroll of amnesia
Potions
 d - a potion of attraction {unknown}
 f - 2 potions of heal wounds {unknown}
 i - a potion of flight {unknown}
 j - 3 potions of degeneration {unknown}
 l - 4 potions of curing {unknown}
 n - a potion of haste {unknown}
 u - a potion of mutation {unknown}
 x - a potion of might {unknown}
 A - a potion of berserk rage {unknown}


   Skills:
 + Level 5.3 Fighting
 + Level 4.4 Axes
 + Level 3.8 Dodging
 + Level 1.3 Stealth


You had 4 spell levels left.
You didn't know any spells.
Your spell library was empty.

Dungeon Overview and Level Annotations

Branches:
Dungeon (4/15)
 Temple: D:4-7

Altars:
Hepliaklqana
Makhleb
Wu Jian

Shops:
D:1 (

Annotations:
D:4 3 runed translucent doors, Dowan, Duvessa


Innate Abilities, Weirdness & Mutations

You are too large for most types of armour.
You have tough skin. (AC +1)


Message History

You now have 208 gold pieces (gained 10).
Found a falchion.
Found a scroll of amnesia.
You see here a scroll of amnesia.
Unknown command.
You see here a scroll of amnesia.
C - a scroll of amnesia You open the door.
There is an open door here.
There is an open door here.
You see here 30 stones.
Duvessa shouts!
You hear a shout!
You barely miss Duvessa. Duvessa closely misses you.
Duvessa hits you with a +1 rapier of protection!
Dowan casts a spell at you. You resist with some effort.
You closely miss Duvessa.
Duvessa hits you with a +1 rapier of protection!
Dowan casts a spell at Duvessa.
Duvessa seems to speed up.
You hit Duvessa.
Duvessa is lightly wounded.
Duvessa hits you with a +1 rapier of protection.
Duvessa completely misses you.
You slash Duvessa!
Duvessa is moderately wounded.
Duvessa hits you with a +1 rapier of protection.
Duvessa closely misses you. Dowan gestures at you while chanting.
The puff of flame hits you.
As you read the scroll of teleportation, it crumbles to dust.
You feel strangely unstable.
Duvessa says, "Where magic fails, the sword succeeds!"
Duvessa hits you with a +1 rapier of protection!
Dowan mumbles some strange words.
Dowan blinks!
Duvessa hits you with a +1 rapier of protection!
* * * LOW HITPOINT WARNING * * *
Duvessa hits you with a +1 rapier of protection!
You die...

#.....#<#.#.#.#...............
#.............................
#.....#.#.#...##### #.........
#.........#.......###..<####..
#.....###.#.#...........###
#.........................#
#.........e............####
###.......§.e####.....#..§≈≈≈
.#####..........@(.#.....#.≈§...§
................##.#.....#.≈.≈≈≈.
######........#.##.#.....#.≈≈...≈
...................#.....#.§§§_.≈
.#####......)......#.....#.§§§..≈
.#####....#'#......#...###.≈.§§§.
.#...'....#'#......#...### .
.#.###...................# .#.#
####..............#..##### #


You could see Duvessa (fast) and Dowan.

Vanquished Creatures
  A howler monkey (D:4)
  Natasha (thrice) (D:4)
  3 adders
  A white imp (D:3)
  A worm (D:4)
  A dart slug (D:1)
  4 orcs (D:3)
  7 ball pythons
  6 endoplasms
  7 goblins
  5 hobgoblins
  6 jackals (D:4)
  9 kobolds
  A quokka (D:1)
  3 bats
  3 frilled lizards
  3 rats (D:2)
64 creatures vanquished.

Vanquished Creatures (others)
  6 fungi (D:2)
  5 plants (D:2)
11 creatures vanquished.

Grand Total: 75 creatures vanquished

Notes
Turn   | Place    | Note
-------+----------+-------------------------------------------
     0 | D:1      | klau3 the Ogre Berserker began the quest for the Orb.
     0 | D:1      | Reached XP level 1. HP: 24/24 MP: 1/1
   262 | D:1      | Reached XP level 2. HP: 21/32 MP: 2/2
   401 | D:1      | Found Syamink's Weapon Shoppe.
   810 | D:1      | You fall into a shaft and drop 1 floor!
   815 | D:2      | Reached XP level 3. HP: 37/40 MP: 3/3
   825 | D:2      | Reached ** piety under Trog
  1042 | D:2      | Found a faded altar of an unknown god.
  1868 | D:3      | Found an ornate altar of the Wu Jian Council.
  1956 | D:3      | Reached XP level 4. HP: 48/49 MP: 4/4
  2195 | D:3      | Found a hazy altar of Hepliaklqana.
  2566 | D:4      | Noticed a wyvern
  2574 | D:4      | Identified the +8 long sword "Naqaukh" {vorpal, rN+}
  2585 | D:4      | Noticed Natasha
  2590 | D:4      | Killed Natasha
  2591 | D:4      | Reached skill level 5 in Fighting
  2628 | D:4      | Found a large runed translucent door.
  2628 | D:4      | Found a large runed translucent door.
  2633 | D:4      | Noticed Duvessa
  2633 | D:4      | Noticed Natasha
  2634 | D:4      | Noticed Dowan
  2719 | D:3      | Reached XP level 5. HP: 4/57 MP: 5/5
  2803 | D:4      | Noticed an orc warrior
  2804 | D:4      | Found a large runed translucent door.
  2808 | D:4      | Found a burning altar of Makhleb.
  2857 | D:4      | Killed Natasha
  2878 | D:4      | Reached *** piety under Trog
  3072 | D:4      | Noticed Natasha
  3082 | D:4      | Killed Natasha
  3083 | D:4      | Reached skill level 1 in Stealth
  3358 | D:4      | Slain by Duvessa

Illustrated notes

Levels and vault maps discovered:
D:1:      sevenhm_arrival_forest_fort_small_3, layout_basic, serial_shops,
          nicolae_shop_hallway_plus
D:2:      layout_loops_cross, dreamdust_ecumenical_altar_hidden_monk_grotto
D:3:      layout_rooms, nicolae_wu_jian_wuxing_cycle,
          nicolae_hepliaklqana_hippocampus
D:4:      layout_basic, mainiacjoe_overflow_paths,
          minmay_hollow_rounded_squares, uniq_duvessa, uniq_natasha

Skill      XL: |  1  2  3  4  5 |
---------------+----------------+-----
Axes           | 4 |  4.4
Dodging        | 3 |  3.8
Fighting       | 5 |  5.3
Stealth        | 1 |  1.3

Action                   |  1- 3 |  4- 6 || total
-------------------------+-------+-------++-------
Melee: Hand axe          |   134 |    29 ||   163
       Punch             |     2 |     3 ||     5
       Long sword        |       |    28 ||    28
Throw: Stone             |     4 |     3 ||     7
  Use: Scroll            |       |     5 ||     5
Armor: Animal skin       |    33 |    24 ||    57
Dodge: Dodged            |    76 |    65 ||   141

Table legend: (Time is in decaauts)
 A = Elapsed time spent in this place.
 B = Non-inter-level travel time spent in this place.
 C = Inter-level travel time spent in this place.
 D = Time resting spent in this place.
 E = Time spent auto-exploring this place.
 F = Levels seen in this place.
 G = Mean time per level.
                   A        B        C        D        E       F      G
               +--------+--------+--------+--------+--------+-----+--------+
         Total |   3390 |   3109 |    281 |      0 |      0 |   4 |  847.5 |
       Dungeon |   3390 |   3109 |    281 |      0 |      0 |   4 |  847.5 |
               +--------+--------+--------+--------+--------+-----+--------+

Top non-repeatable levels by time:
     D:2: 929 daAuts
     D:3: 861 daAuts
     D:1: 837 daAuts
     D:4: 762 daAuts
